Map: Blackburn LE

Players

Yoko

  • Race: Protoss Protoss
  • League: Diamond

ViBE - Winner!

  • Race: Zerg Zerg
  • League: Diamond

VOD

Have the link to the VOD?

Description

Time

  • Played on: April 22, 2021, 12:20 a.m.
  • Length: 10:14
Show
View Real Time Build Order
Export as new Build Order

Yoko Protoss 

Build Orders: Proxy Void Ray 

Get SALT Encoding   

  12  0:00  Probe  
  13  0:16  Pylon  
  13  0:18  Probe  
  14  0:30  Probe (Chrono Boost)  
  15  0:39  Gateway  
  15  0:42  Probe (Chrono Boost)  
  16  0:47  Assimilator  
  16  0:49  Probe (Chrono Boost)  
  17  1:03  Probe  
  18  1:05  Assimilator  
  18  1:17  Gateway  
  18  1:18  Probe  
  19  1:30  Cybernetics Core  
  19  1:33  Probe  
  20  1:50  Probe  
  20  1:52  Pylon  
  21  2:04  Probe  
  22  2:09  Stalker, Adept  
  26  2:18  Pylon  
  26  2:21  Stargate  
  26  2:25  Shield Battery  
  26  2:28  Probe  
  27  2:39  Robotics Facility  
  27  2:48  Shield Battery  
  27  2:53  Warp Gate  
  27  2:56  Void Ray (Chrono Boost)  
  31  3:19  Shield Battery  
  31  3:23  Void Ray (Chrono Boost)  
  35  3:40  Gateway  
  35  3:50  Void Ray (Chrono Boost), Shield Battery  
  39  4:03  Pylon  
  39  4:17  Void Ray (Chrono Boost)  
  43  4:41  Adept  
  39  5:03  Adept x2  
  17  6:56  Nexus  
  17  8:22  Probe (Chrono Boost)  
  18  8:31  Probe (Chrono Boost)  
  19  8:36  Probe (Chrono Boost)  
  20  8:51  Probe  
  21  9:27  Probe (Chrono Boost)  
  22  9:38  Probe (Chrono Boost)  
  23  9:42  Probe (Chrono Boost)  
  12  9:54  Probe  
  9  10:08  Pylon  
Show
View Real Time Build Order
Export as new Build Order

ViBE Zerg - Winner!

Build Orders: Hatch First 

Get SALT Encoding   

  12  0:00  Drone  
  13  0:12  Overlord  
  13  0:17  Drone  
  14  0:30  Drone x2  
  16  0:50  Hatchery  
  16  0:51  Drone  
  16  0:56  Drone  
  17  1:02  Drone  
  18  1:15  Spawning Pool  
  18  1:17  Extractor  
  18  1:18  Drone  
  17  1:21  Drone  
  18  1:28  Drone  
  19  1:42  Overlord  
  19  2:03  Queen  
  19  2:04  Queen  
  19  2:06  Drone  
  19  2:07  Drone x2  
  26  2:17  Overlord  
  26  2:22  Metabolic Boost  
  26  2:29  Zergling x6  
  29  2:38  Zergling x4  
  31  2:52  Drone x2  
  33  2:58  Overlord  
  33  3:00  Drone  
  33  3:04  Drone  
  35  3:07  Roach Warren  
  35  3:08  Overlord  
  34  3:13  Drone x2  
  34  3:17  Drone  
  34  3:18  Drone  
  34  3:19  Overlord  
  38  3:26  Overlord  
  38  3:28  Overlord  
  38  3:49  Roach x7  
  38  3:51  Roach  
  54  4:02  Queen x2  
  58  4:11  Zergling x8  
  58  4:12  Zergling x2  
  62  4:21  Spore Crawler  
  62  4:23  Spore Crawler  
  60  4:24  Spore Crawler  
  60  4:30  Spore Crawler  
  54  4:55  Queen x2  
  54  4:56  Zergling x2  
  54  4:57  Zergling x10  
  62  5:19  Overlord x4  
  59  5:47  Drone x3  
  59  5:48  Drone, Queen  
  60  5:50  Lair  
  48  6:00  Drone  
  49  6:04  Drone  
  49  6:05  Drone x2  
  52  6:15  Drone x2  
  54  6:22  Drone x6  
  60  6:29  Queen  
  61  6:52  Overlord  
  61  6:53  Overlord x2  
  61  6:55  Extractor  
  61  6:56  Drone  
  61  6:57  Hydralisk Den  
  60  7:08  Queen x2  
  64  7:20  Drone x12  
  76  7:23  Extractor  
  76  7:24  Extractor  
  74  7:30  Grooved Spines  
  74  7:45  Hatchery  
  73  7:59  Evolution Chamber  
  73  8:00  Drone, Evolution Chamber  
  73  8:01  Drone x9  
  80  8:14  Queen x2  
  82  8:21  Hydralisk  
  82  8:24  Overlord x6  
  83  8:32  Extractor  
  83  8:33  Extractor  
  80  8:41  Muscular Augments  
  80  8:51  Hydralisk x5  
  88  9:04  Hydralisk x2  
  88  9:05  Hydralisk x5  
  102  9:10  Queen x3  
  102  9:12  Drone x2, Hatchery  
  105  9:26  Drone x3  
  108  9:41  Hydralisk x5  
  108  9:42  Hydralisk x3  
Tags
 
Add a new tag
Caveats
  • Supply blocks, unpowered buildings, or Contaminate may cause inaccurate times.
  • Supply counts are checked every 10 seconds.